 Dungeon Crawl Stone Soup version 0.19-a0-1738-gbb2db12 (webtiles) character file.

102391 Geomchi the Fighter (level 16, -16/130 HPs)
             Began as a Human Conjurer on Sept 30, 2016.
             Was a High Priest of Vehumet.
             Demolished by a spriggan rider
             ... wielding a +0 spear
              (26 damage)
             ... on level 1 of the Swamp on Oct 1, 2016.
             The game lasted 01:22:56 (42037 turns).

Geomchi the Fighter (Human Conjurer)               Turns: 42037, Time: 01:22:57

Health: -16/130    AC:  9    Str: 13    XL:     16   Next: 85%
Magic:  8/31       EV: 20    Int: 29    God:    Vehumet [*****.]
Gold:   746        SH:  5    Dex: 14    Spells: 8 memorised, 5 levels left

rFire  + . .     SeeInvis .     D - +8 whip "Snakebite" {curare, rPois}
rCold  . . .     Gourm    .     z - +2 robe {rF+}
rNeg   . . .     Faith    .     L - +0 buckler
rPois  +         Spirit   .     r - +0 helmet
rElec  .         Dismiss  .     e - +0 cloak
rCorr  .         Reflect  .     q - +0 pair of gloves
MR     +....     Harm     .     H - +0 pair of boots
Stlth  ++........               (no amulet)
                                Y - +4 ring of intelligence
                                f - ring "Cewurph" {AC+1 Str+4 Int+5}

@: about to teleport, repel missiles
A: blink, clumsy 1
a: Blink, Renounce Religion


You were on level 1 of the Swamp.
You worshipped Vehumet.
Vehumet was extremely pleased with you.
You were near starving.

You visited 4 branches of the dungeon, and saw 22 of its levels.

You collected 1883 gold pieces.
You spent 1137 gold pieces at shops.

Inventory:

Hand Weapons
 b - the +5 hand axe of Bodily Harmony {chop, *Noise +Fly rC+++ rN+}
   (You found it on level 2 of the Lair of Beasts)

   It inflicts extra damage upon your enemies.
   It renders you almost immune to cold.
   It protects you from negative energy.
   It lets you fly.
   It may make noises in combat.
 D - the +8 whip "Snakebite" (weapon) {curare, rPois}
   (You found it on level 1 of the Lair of Beasts)

   It poisons the flesh of those it strikes.
   It protects you from poison.
Armour
 e - a +0 cloak (worn)
 g - a +2 robe of magic resistance
 q - a +0 pair of gloves (worn)
 r - a +0 helmet (worn)
 z - a +2 robe of fire resistance (worn)
 H - a +0 pair of boots (worn)
 L - a +0 buckler (worn)
Jewellery
 f - the ring "Cewurph" (left hand) {AC+1 Str+4 Int+5}
   (You found it on level 6 of the Dungeon)

   [ring of protection]

   It affects your AC (+1).
   It affects your strength (+4).
   It affects your intelligence (+5).
 i - an uncursed ring of see invisible
 G - an uncursed ring of poison resistance
 J - the ring of Teicw {rElec rF+ Int+4 Stlth+, unknown}
   (You found it on level 1 of the Swamp)

   [ring of intelligence]

   It affects your intelligence (+4).
   It protects you from fire.
   It insulates you from electricity.
   It makes you more stealthy.
 O - a +4 ring of intelligence
 Y - a +4 ring of intelligence (right hand)
Wands
 p - a wand of iceblast (9/15)
 s - a wand of enslavement (14/24)
 P - a wand of lightning (4/15)
 X - a wand of confusion (28/48)
Scrolls
 d - 14 scrolls of remove curse
 h - 2 scrolls of recharging
 m - 4 scrolls of enchant weapon
 n - 2 scrolls of blinking {unknown}
 o - 8 scrolls of enchant armour
 t - 2 scrolls of amnesia {unknown}
 w - 3 scrolls of holy word {unknown}
 y - 7 scrolls of fear
 B - 4 scrolls of magic mapping
 M - a scroll of noise {unknown}
 Z - a scroll of summoning {unknown}
Potions
 k - a potion of magic
 u - 3 potions of agility
 v - a potion of curing
 x - 2 potions of might
 A - 5 potions of flight
 C - 2 potions of ambrosia
 E - a potion of invisibility
 I - 3 potions of brilliance
 R - 6 potions of berserk rage
 S - 2 potions of cure mutation
 V - 2 potions of haste
 W - 2 potions of lignification
Books
 F - a book of the Earth

   Spells                             Type                      Level
   a - Leda's Liquefaction            Hexes/Earth                  4
   b - Bolt of Magma                  Conjuration/Fire/Earth       5
   c - Statue Form                    Transmutation/Earth          6
   d - Iron Shot                      Conjuration/Earth            6
   e - Shatter                        Earth                        9
Miscellaneous
 N - a phial of floods
Comestibles
 a - 11 meat rations {@e2}
 c - 12 bread rations {@e1}
 j - a slice of pizza
 l - 5 fruits
 K - 15 royal jellies
 T - 3 beef jerkies


   Skills:
 - Level 13.0 Fighting
 - Level 3.0 Maces & Flails
 - Level 12.0 Dodging
 - Level 2.0 Stealth
 - Level 4.2 Shields
 + Level 11.5 Spellcasting
 + Level 13.0 Conjurations
 - Level 6.1 Charms
 + Level 10.5 Ice Magic
 - Level 7.0 Earth Magic


You had 5 spell levels left.
You knew the following spells:

 Your Spells              Type           Power        Failure   Level  Hunger
a - Magic Dart            Conj           ####         0%          1    None
b - Iskenderun's Mystic   Conj           #######.     1%          4    None
c - Searing Ray           Conj           ######       1%          2    None
d - Orb of Destruction    Conj           #######...   4%          7    ######.
e - Freezing Cloud        Conj/Ice/Air   ######....   5%          6    #####..
f - Repel Missiles        Chrm/Air       ####..       1%          2    None
m - Iskenderun's Battles  Conj/Chrm      ######..     1%          5    ###....
x - Iron Shot             Conj/Erth      ######....   3%          6    #####..


Dungeon Overview and Level Annotations

Branches:
Dungeon (14/15)            Temple (0/1) D:7            Lair (6/6) D:11
  Swamp (1/4) Lair:2        Snake (0/4) Lair:3        Slime (0/5) Lair:5
    Orc (1/2) D:10         Vaults (0/5) D:14

Altars:
Ashenzari
Fedhas
Hepliaklqana
Kikubaaqudgha
Nemelex Xobeh
Ru
Vehumet
Yredelemnul
The Shining One
Beogh
Jiyva

Shops:
D:8 (   D:9 (   D:11 :   D:12 :   D:13 (

Annotations:
D:2 Sigmund
D:5 Duvessa
D:14 Gorice's ghost, adept MiVM


Innate Abilities, Weirdness & Mutations

You can translocate small distances at will.
You are clumsy. (Dex -2)


Message History

A spriggan rider comes into view. It is wielding a spear.
The spriggan rider shouts!
The spriggan rider moves out of view.
You conjure a globe of magical energy.
The spriggan rider hits your battlesphere with a spear!
You now have 8/31 mp.
Unknown command.
As you read the scroll of teleportation, it crumbles to dust.
You feel strangely unstable. You block the spriggan rider's attack.
The spriggan rider hits you from afar with a spear!!
* * * LOW HITPOINT WARNING * * *
You take 20 damage, and have 25/130 hp.
You feel better.
The spriggan rider throws a stone.
The stone hits your battlesphere!!
Your battlesphere is destroyed!
You hear a splash.
The spriggan rider hits you with a spear of piercing!
* * * LOW HITPOINT WARNING * * *
x2 The spriggan rider hits you from afar with a spear!!
You die...

≈≈≈....♣ .≈≈≈.≈≈.≈........♣
≈≈≈...♣♣.....≈≈≈..≈.≈≈.≈≈.♣
≈≈.♣♣♣♣≈.≈ §.≈≈.≈.♣..§≈♣.♣♣
≈≈.≈♣≈≈.≈≈.♣.≈≈.≈.≈≈..i.♣♣♣
≈≈.≈≈≈..≈....≈≈.♣.♣...≈..≈♣♣
÷..≈≈≈....♣≈...≈♣♣...≈.....♣
≈≈≈.≈≈..♣♣♣♣.....♣♣≈.≈≈...♣♣
♣♣♣≈...≈...≈..≈i♣♣i§.≈≈≈.♣♣
♣♣ ♣♣≈♣§≈≈..≈≈≈≈@.≈§♣♣≈...♣♣
≈♣♣ ♣♣.§≈..≈≈≈≈≈≈..♣♣♣≈≈..♣
≈.♣ ♣♣≈.♣♣♣.≈≈≈≈§..♣♣ ♣♣♣.♣♣
.♣♣♣♣...≈♣...≈≈≈≈.♣♣ ♣♣♣
..≈..≈≈≈.≈♣..≈≈≈≈.♣
.≈≈..≈≈§....≈≈≈≈.♣♣
....≈≈≈≈≈.≈≈.≈≈..♣
....≈≈≈..≈≈.....♣♣
≈≈≈≈≈≈....≈≈≈≈≈.♣♣


You could see 3 spriggan riders.

Vanquished Creatures
  Rupert (D:13)
  A thorn hunter (Swamp:1)
  2 entropy weavers (Lair:5)
  Snorg (D:10)
  2 fire dragons (Lair:6)
  An ice dragon (Lair:2)
  11 hydras
  A rakshasa (D:13)
  Harold (Lair:2)
  A death knight (D:14)
  2 centaur warriors
  2 alligators (Swamp:1)
  A deep troll earth mage (D:14)
  A queen ant (Lair:5)
  9 death yaks
  2 tengu warriors
  Sonja (Lair:2)
  An unseen horror (D:14)
  6 hill giants
  A wizard (D:14)
  3 swamp dragons (Swamp:1)
  A flayed ghost (D:14)
  2 lindwurms (Lair:6)
  A wolf spider zombie (D:14)
  A deep elf mage (D:14)
  4 ugly things
  4 cyclopes
  The ghost of ordcoder the Jinx, a novice FeEn of Sif Muna (D:12)
  3 elephants (Lair:5)
  A guardian serpent (Lair:3)
  2 manticores (D:12)
  6 black mambas
  Joseph (D:7)
  6 torpor snails (Lair:6)
  A guardian serpent (shapeshifter) (D:14)
  3 rime drakes
  11 spiny frogs
  14 komodo dragons
  3 freezing wraiths (Swamp:1)
  2 kobold demonologists (D:13)
  7 trolls
  5 polar bears
  5 tyrant leeches
  2 queen bees
  6 meliai
  A two-headed ogre (shapeshifter) (D:14)
  A two-headed ogre (D:10)
  8 slime creatures
  2 bog bodies (Swamp:1)
  7 dream sheep (Lair:6)
  12 blink frogs
  9 hippogriffs
  3 shadows
  A vampire (D:11)
  5 wyverns
  38 yaks
  Eustachio (D:6)
  5 basilisks
  4 hungry ghosts
  3 steam dragons (Lair:6)
  10 vampire mosquitoes
  A mottled dragon (Lair:6)
  A warg (Orc:1)
  4 swamp worms (Swamp:1)
  21 water moccasins
  23 soldier ants
  8 porcupines
  A swamp drake (Swamp:1)
  11 black bears
  12 orc warriors
  8 wasps
  3 phantoms
  4 ice beasts
  A sky beast (D:14)
  4 necrophages
  7 ogres
  11 wolves (Lair:3)
  15 centaurs
  14 crocodiles
  A big kobold (D:13)
  21 bullfrogs
  A gnoll sergeant (D:8)
  2 wyvern zombies (D:11)
  A wyvern skeleton (D:14)
  Dowan (D:5)
  2 scorpions
  74 killer bees
  5 wights
  8 electric eels
  4 howler monkeys
  7 crimson imps
  A wasp zombie (D:7)
  2 bullfrog zombies
  A quasit (D:8)
  6 bullfrog skeletons
  7 hounds
  6 jellies
  14 orc priests
  5 centaur skeletons
  Ijyb (D:2)
  7 iguanas
  17 orc wizards
  37 worker ants
  A killer bee zombie (D:10)
  Robin (D:2)
  4 gnolls (D:8)
  52 river rats
  20 adders
  4 shadow imps
  6 oozes
  An adder skeleton (D:5)
  4 worms
  3 dart slugs
  2 leopard geckos
  67 orcs
  6 giant cockroaches
  21 goblins
  10 hobgoblins
  14 jackals
  2 quokkas
  4 ball pythons
  6 bats
  2 frilled lizards
  11 kobolds
  2 leopard gecko skeletons
  A quokka skeleton (D:4)
  A quokka zombie (D:8)
  5 rats
  A fungus (Lair:4)
884 creatures vanquished.

Vanquished Creatures (others)
  A tyrant leech (Swamp:1)
  35 fungi
  53 plants
89 creatures vanquished.

Grand Total: 973 creatures vanquished

Notes
Turn   | Place    | Note
-------+----------+-------------------------------------------
     0 | D:1      | Geomchi the Human Conjurer began the quest for the Orb.
     0 | D:1      | Reached XP level 1. HP: 13/13 MP: 3/3
   290 | D:1      | Reached XP level 2. HP: 19/19 MP: 0/5
   806 | D:1      | Reached XP level 3. HP: 24/24 MP: 0/6
  1086 | D:2      | Learned a level 2 spell: Searing Ray
  1216 | D:2      | Found a radiant altar of Vehumet.
  1228 | D:2      | Became a worshipper of Vehumet
  1401 | D:2      | Noticed Robin
  1460 | D:2      | Killed Robin
  1460 | D:2      | Reached XP level 4. HP: 26/30 MP: 0/8
  1790 | D:2      | Found a shattered altar of Ashenzari.
  1886 | D:2      | Reached skill level 5 in Conjurations
  2025 | D:2      | Noticed Ijyb
  2031 | D:2      | Killed Ijyb
  2031 | D:2      | Reached XP level 5. HP: 35/35 MP: 2/9
  2236 | D:2      | Noticed Sigmund
  2484 | D:3      | Learned a level 5 spell: Iskenderun's Battlesphere
  2639 | D:3      | Reached * piety under Vehumet
  2639 | D:3      | Offered knowledge of Sandblast by Vehumet.
  2903 | D:3      | Found a glowing drain.
  2912 | D:3      | Reached skill level 1 in Charms
  3158 | D:3      | Reached XP level 6. HP: 41/41 MP: 2/11
  3493 | D:3      | Found a glowing golden altar of the Shining One.
  3726 | D:3      | Noticed an ogre
  3731 | D:3      | Killed an ogre
  4344 | D:4      | Reached XP level 7. HP: 33/46 MP: 5/13
  5499 | D:5      | Entered Level 5 of the Dungeon
  5565 | D:5      | Reached ** piety under Vehumet
  5567 | D:5      | Offered knowledge of Flame Tongue by Vehumet.
  5996 | D:5      | Reached skill level 5 in Spellcasting
  5996 | D:5      | Reached XP level 8. HP: 51/52 MP: 7/15
  6634 | D:5      | Found a hazy altar of Hepliaklqana.
  6806 | D:5      | Found a sacrificial altar of Ru.
  6808 | D:5      | Found a basalt altar of Yredelemnul.
  6819 | D:6      | Noticed Duvessa
  6909 | D:6      | Offered knowledge of Throw Frost by Vehumet.
  6968 | D:6      | Noticed Dowan
  7272 | D:5      | Killed Dowan
  7668 | D:6      | Reached skill level 5 in Charms
  7668 | D:6      | Reached XP level 9. HP: 40/57 MP: 14/18
  8025 | D:6      | You fall through a shaft for 3 floors!
  8032 | D:9      | Reached *** piety under Vehumet
  8325 | D:9      | Found a blossoming altar of Fedhas.
  8328 | D:9      | Found an ancient bone altar of Kikubaaqudgha.
  8788 | D:9      | Offered knowledge of Stone Arrow by Vehumet.
  9533 | D:7      | Reached XP level 10. HP: 50/62 MP: 13/21
  9611 | D:7      | Noticed Joseph
  9620 | D:7      | Killed Joseph
  9840 | D:7      | Learned a level 4 spell: Iskenderun's Mystic Blast
 10407 | D:6      | Noticed Eustachio
 10413 | D:6      | Killed Eustachio
 10512 | D:6      | Reached **** piety under Vehumet
 10849 | D:6      | Got a vibrating pewter ring
 10851 | D:6      | Identified the ring "Cewurph" {AC+1 Str+4 Int+5} (You found it on level 6 of the Dungeon)
 10921 | D:6      | Reached skill level 10 in Conjurations
 11043 | D:7      | Offered knowledge of Throw Icicle by Vehumet.
 11109 | D:7      | Found a staircase to the Ecumenical Temple.
 11812 | D:8      | Found Ashun's Antique Weapon Shoppe.
 11815 | D:8      | Bought an ichor-stained whip for 202 gold pieces
 11815 | D:8      | Identified the +5 whip of the Spider Nest {drain, *Contam +Fly rF+ Str+3 Stlth-} (You bought it in a shop on level 8 of the Dungeon)
 12104 | D:8      | Gained mutation: You can translocate small distances at will. [potion of beneficial mutation]
 12224 | D:9      | Found Lucs's Weapon Shop.
 12278 | D:9      | HP: 2/62 [centaur/arrow (15)]
 12661 | D:10     | Entered Level 10 of the Dungeon
 12692 | D:10     | Reached skill level 1 in Fighting
 13340 | D:11     | Reached ***** piety under Vehumet
 13340 | D:11     | Offered knowledge of Yara's Violent Unravelling by Vehumet.
 13428 | D:11     | Noticed a hill giant
 13434 | D:11     | Killed a hill giant
 13434 | D:11     | Reached XP level 11. HP: 74/74 MP: 7/24
 13629 | D:11     | Found a staircase to the Lair.
 13629 | D:11     | Noticed a hill giant
 13629 | D:11     | Noticed a cyclops
 14025 | D:11     | Reached skill level 5 in Dodging
 14087 | D:11     | Killed a hill giant
 14087 | D:11     | Reached skill level 5 in Fighting
 14259 | D:11     | Killed a cyclops
 14362 | D:11     | Noticed a hill giant
 14364 | D:11     | Killed a hill giant
 14809 | D:11     | Found Fuzygof's Book Shop.
 14818 | D:11     | Bought a book of Minor Magic for 260 gold pieces
 14821 | D:11     | Learned a level 2 spell: Repel Missiles
 15122 | D:11     | Noticed a cyclops
 15132 | D:11     | Killed a cyclops
 15453 | D:11     | Reached XP level 12. HP: 91/91 MP: 19/25
 15470 | Lair:1   | Entered Level 1 of the Lair of Beasts
 16019 | Lair:1   | You fall through a shaft!
 16633 | Lair:1   | Got a pitted hand crossbow
 16634 | Lair:1   | Identified the +10 hand crossbow of Responsibility {velocity, *Contam rC+ Str+4 Dex+2} (You found it on level 1 of the Lair of Beasts)
 18417 | Lair:2   | Got a warped hand axe
 18418 | Lair:2   | Identified the +5 hand axe of Bodily Harmony {chop, *Noise +Fly rC+++ rN+} (You found it on level 2 of the Lair of Beasts)
 18446 | Lair:2   | Gained mutation: You are clumsy. (Dex -2) [mutagenic glow]
 18462 | Lair:2   | Noticed Sonja
 18465 | Lair:2   | Killed Sonja
 18658 | Lair:2   | Found a staircase to the Swamp.
 18666 | Lair:2   | Offered knowledge of Iron Shot by Vehumet.
 18666 | Lair:2   | Reached skill level 10 in Dodging
 18686 | Lair:2   | Learned a level 6 spell: Iron Shot
 18898 | Lair:2   | Noticed an ice dragon
 18906 | Lair:2   | Killed an ice dragon
 18906 | Lair:2   | Reached skill level 1 in Earth Magic
 19141 | Lair:2   | Noticed Harold
 19153 | Lair:2   | Killed Harold
 19153 | Lair:2   | Reached XP level 13. HP: 67/101 MP: 3/26
 20671 | Lair:3   | Found a staircase to the Snake Pit.
 20863 | Lair:3   | Reached skill level 5 in Earth Magic
 22150 | Lair:4   | Reached skill level 10 in Spellcasting
 22567 | Lair:4   | Reached skill level 1 in Maces & Flails
 24109 | Lair:4   | Offered knowledge of Bolt of Draining by Vehumet.
 25108 | Lair:5   | Noticed an entropy weaver
 25271 | Lair:5   | Reached skill level 1 in Shields
 25440 | Lair:5   | Reached skill level 10 in Fighting
 25527 | Lair:5   | Reached XP level 14. HP: 110/110 MP: 15/28
 25581 | Lair:5   | Noticed an entropy weaver
 25585 | Lair:5   | Killed an entropy weaver
 25852 | Lair:5   | Killed an entropy weaver
 26538 | Lair:5   | Found a runed door.
 26542 | Lair:5   | Found a viscous altar of Jiyva.
 26544 | Lair:5   | Found a staircase to the Slime Pits.
 26851 | Lair:6   | Entered Level 6 of the Lair of Beasts
 27821 | Lair:6   | Found a runed door.
 29749 | Lair:6   | Reached XP level 15. HP: 79/119 MP: 9/30
 30774 | Lair:6   | Offered knowledge of Poison Arrow by Vehumet.
 32390 | D:12     | Noticed ordcoder's ghost (novice FeEn)
 32905 | D:12     | Killed ordcoder's ghost
 33066 | D:12     | Found Ruffag's Book Boutique.
 33074 | D:12     | Bought a book of Clouds for 675 gold pieces
 33081 | D:12     | Learned a level 6 spell: Freezing Cloud
 33209 | D:12     | Reached skill level 1 in Ice Magic
 34133 | D:13     | Found Xepsogh's Antique Weapon Boutique.
 34480 | D:13     | Noticed Rupert
 34488 | D:13     | Killed Rupert
 35068 | D:13     | Reached skill level 5 in Ice Magic
 35123 | D:14     | Found a sparkling altar of Nemelex Xobeh.
 35191 | D:14     | Found a gate to the Vaults.
 35621 | D:14     | Reached XP level 16. HP: 130/130 MP: 26/31
 35926 | D:14     | Offered knowledge of Ozocubu's Refrigeration by Vehumet.
 37617 | D:14     | Noticed Gorice's ghost (adept MiVM)
 39064 | D:10     | Noticed Snorg
 39071 | D:10     | Killed Snorg
 39153 | D:10     | Found a staircase to the Orcish Mines.
 39174 | D:10     | Offered knowledge of Orb of Destruction by Vehumet.
 39183 | D:10     | Learned a level 7 spell: Orb of Destruction
 39755 | Orc:1    | Entered Level 1 of the Orcish Mines
 39769 | D:10     | Reached skill level 10 in Ice Magic
 39902 | Orc:1    | Found a roughly hewn altar of Beogh.
 39960 | Orc:1    | HP: 6/130 [orc priest/divine providence (14)]
 40221 | D:10     | Upgraded the game from 0.19-a0-1731-g1e0734d to 0.19-a0-1738-gbb2db12
 40334 | Swamp:1  | Entered Level 1 of the Swamp
 40829 | Swamp:1  | Got a transparent ivory ring
 41989 | Swamp:1  | Noticed a thorn hunter
 41995 | Swamp:1  | Killed a thorn hunter
 42037 | Swamp:1  | Demolished by a spriggan rider

Vault maps used:
D:1:      mrwooster_arrival_statue_3
D:2:      lemuel_crystal_altar, overflow_temple_1_default,
          uniq_crazy_yiuf_cottage, uniq_sigmund, uniq_iyjb, uniq_robin
D:3:      tso_oasis_becter, gup_sewer_entry_glass, minmay_misc_feat_x,
          kennysheep_pointless_box
D:4:      first_bread, minmay_misc_feat_iff
D:5:      kennysheep_little_box, nicolae_overflow_hidden_temple
D:6:      lightli_ossuary_entry_decrepit_ruins, uniq_duvessa, uniq_eustachio
D:7:      eino_tiny_chamber, uniq_joseph
D:8:      serial_shops, kennysheep_mini_moat
D:9:      grunt_temple_overflow_growth_and_decay, serial_shops, shop
D:10:     erik_rubicon_b, orc_0_dummy, grunt_ogre_cave,
          small_statue_intersection, kennysheep_opposing_triangles, uniq_snorg
D:11:     dpeg_lair_monsters, serial_shops, shop_fountains
D:12:     serial_shops, nicolae_shop_behind_doors
D:13:     serial_shops, shop, uniq_rupert
D:14:     regret_index_wax_grids, david_vaults_1,
          nemelex_xobeh_ov_fountains_minmay, roderic_roman_lattice,
          hangedman_abyss_or_decor_lesser_grid
Lair:1:   minmay_guarded_unrand_snakebite, infiniplex_staircase_pool,
          grunt_megastairs_2
Lair:2:   dragon1_lemuel, minmay_swamp_entry_swarm, serial_bayou_shore_a,
          uniq_harold, uniq_sonja
Lair:3:   beast_lair_carwin_large_3, minmay_snake_entry_spellcaster,
          lemuel_fruit_fields, infiniplex_staircase_pool_2, serial_bayou_shore_b
Lair:4:   special_room
Lair:5:   slime_altar_2, zaba_anthell
Lair:6:   wormcave, guppyfry_lair_end_dragon
Swamp:1:  portal_ice_cave_entry_frozen_things, evilmike_swamp_ruin_house_3,
          swamp_pool2, hangedman_swamp_blocks
Orc:1:    basic_altar, mines5_lemuel

Skill      XL: |  1  2  3  4  5  6  7  8  9 10 11 12 13 14 15 16 |
---------------+-------------------------------------------------+-----
Spellcasting   | 3 4 5 6 7 9 10 11 | 11.5
Conjurations   | 5 6 7 9 10 11 12 13 | 13.0
Charms         | 1 2 3 5 6 |  6.1
Fighting       | 2 7 9 10 11 13 | 13.0
Dodging        | 3 7 10 12 | 12.0
Earth Magic    | 2 7 |  7.0
Maces & Flails | 3 |  3.0
Shields        | 2 4 |  4.2
Ice Magic      | 6 10 | 10.5
Stealth        | |  2.0

Action                   |  1- 3 |  4- 6 |  7- 9 | 10-12 | 13-15 | 16-18 || total
-------------------------+-------+-------+-------+-------+-------+-------++-------
Melee: Short sword       |    11 |     5 |    10 |       |       |       ||    26
       Falchion          |       |       |       |     6 |       |       ||     6
       Whip              |       |       |       |    16 |   163 |    89 ||   268
 Cast: Magic Dart        |    72 |   124 |   249 |   272 |   650 |   264 ||  1631
       Searing Ray       |     1 |     9 |    30 |     7 |     1 |       ||    48
       Iskenderun's Batt |       |       |    19 |    94 |   157 |    68 ||   338
       Iskenderun's Myst |       |       |       |    81 |    59 |    38 ||   178
       Repel Missiles    |       |       |       |     1 |     1 |     1 ||     3
       Iron Shot         |       |       |       |       |   110 |    53 ||   163
       Freezing Cloud    |       |       |       |       |     2 |    11 ||    13
 Abil: Blink             |       |       |       |     1 |     2 |     4 ||     7
Evoke: Wand              |       |       |       |       |    10 |       ||    10
       Phial of floods   |       |       |       |       |     1 |       ||     1
  Use: Scroll            |       |     2 |       |    12 |    12 |     9 ||    35
       Potion            |       |     1 |     2 |     3 |     3 |     7 ||    16
 Stab: Invisible         |       |       |       |       |       |     2 ||     2
  Eat: Chunk             |     2 |     8 |    22 |    40 |    54 |    28 ||   154
       Beef jerky        |       |       |     2 |       |     1 |     3 ||     6
       Pizza             |       |       |       |     3 |       |       ||     3
       Fruit             |       |       |       |     7 |    16 |       ||    23
       Bread ration      |       |       |       |       |     8 |     1 ||     9
Armor: Robe              |     1 |    12 |    32 |    30 |    83 |    61 ||   219
       Skin              |       |       |       |       |     6 |       ||     6
Dodge: Dodged            |    14 |    42 |   113 |   118 |   423 |   312 ||  1022
       Deflected         |       |       |       |     4 |     5 |     5 ||    14
Block: Buckler           |       |       |       |    18 |    94 |    81 ||   193
